 Dungeon Crawl Stone Soup version 0.29-a0-551-gffc1d7fb78 (webtiles) character file.

Game seed: 9639169026980471452

816 Demosthentine the Chopper (level 7, -8/38 HPs)
             Began as a Vine Stalker Chaos Knight on June 6, 2022.
             Was a Plaything of Xom.
             Mangled by an orc warrior
             ... wielding a +0 battleaxe
              (21 damage)
             ... on level 5 of the Dungeon.
             The game lasted 00:03:48 (3985 turns).

Demosthentine the Chopper (VSCK)                    Turns: 3985, Time: 00:03:48

Health: -8/38      AC: 11    Str: 17    XL:     7   Next: 94%
Magic:  0/8        EV: 13    Int: 10    God:    Xom [..*...]
Gold:   199        SH:  0    Dex: 15    Spells: 6/6 levels left

rFire   . . .      SeeInvis .   a - +0 hand axe (chaos)
rCold   . . .      Faith    .   (no shield)
rNeg    . . .      Spirit   +   b - +2 leather armour
rPois   .          Reflect  .   g - +1 helmet
rElec   .          Harm     .   (no cloak)
rCorr   .          Rampage  .   (no gloves)
Will    .....                   (no boots)
Stlth   +.........              (no amulet)
HPRegen 0.92/turn               f - +4 ring of protection
MPRegen 0.11/turn               (no ring)

@: no status effects
A: fangs 2, regeneration 1, magic shield, antimagic bite, no potion heal 2,
agile 1, dopey 1
a: Renounce Religion


You were on level 5 of the Dungeon.
You worshipped Xom.
You were a toy of Xom.
You visited 1 branch of the dungeon, and saw 5 of its levels.

You collected 199 gold pieces.

Inventory:

Hand Weapons
 a - a +0 hand axe of chaos (weapon)
Missiles
 k - 2 throwing nets
Armour
 b - a +2 leather armour (worn)
 g - a +1 helmet (worn)
Jewellery
 f - a +4 ring of protection (left hand)
Scrolls
 d - 2 scrolls of identify
 h - a scroll of amnesia
 l - 3 scrolls of teleportation
Potions
 e - a potion of berserk rage
 i - a potion of magic
 j - a potion of mutation
 m - a potion of haste {unknown}
Miscellaneous
 c - a piece from Xom's chessboard (15/15) (quivered)


   Skills:
 + Level 4.7 Fighting
 + Level 4.7 Axes
 + Level 3.9 Armour
 + Level 3.4 Dodging


You had 6 spell levels left.
You didn't know any spells.
Your spell library was empty.

Dungeon Overview and Level Annotations

Branches:
Dungeon (5/15)             Temple (0/1) D:5

Altars:
The Shining One

Shops:
D:4 **


Innate Abilities, Weirdness & Mutations

You have extremely sharp teeth.
Your natural rate of healing is unusually fast.
When hurt, damage is shared between your health and your magic reserves.
Your bite disrupts and absorbs the magic of your enemies.
Potions cannot restore your health.
You are agile. (Dex +2)
You are dopey. (Int -2)


Message History

You barely miss the orc warrior. Your bite misses the orc warrior.
The orc warrior is heavily wounded.
You hit the ufetubus.
You kill the ufetubus!
The orc warrior hits you with a +0 battleaxe!
The orc warrior misses your butterfly.
The orc warrior hits your butterfly with a +0 battleaxe!
Your butterfly dies!
Your butterfly disappears in a puff of smoke!
You are too injured to fight recklessly!
Unknown command.
You are too injured to fight recklessly!
Unknown command.
You are too injured to fight recklessly!
Unknown command.
You barely miss the orc warrior.
You bite the orc warrior, but do no damage.
The orc warrior is heavily wounded.
The orc warrior completely misses you.
The orc warrior completely misses your butterfly.
Unknown command.
You barely miss the orc warrior.
You bite the orc warrior, but do no damage.
The orc warrior is heavily wounded.
You closely miss the orc. The orc closely misses you.
The orc warrior hits you with a +0 battleaxe!
* * * LOW HITPOINT WARNING * * *
Unknown command.
The orc warrior attacks as you move away!
The orc warrior barely misses you.
The orc warrior closely misses your butterfly.
The orc warrior completely misses your butterfly.
The orc warrior closely misses your butterfly.
The orc attacks as you move away! The orc barely misses you.
Unknown command.
The orc warrior attacks as you move away!
The orc warrior hits you with a +0 battleaxe!!
Ouch! That really hurt!
You die...
Xom laughs nastily!

#### #.@### ### ###### ..###
#.##o.####.####
.....###...##.#
##.o.b.....#.#
....#.##......#
##..#.))....#
...#..##......#
##..###......#
..#...##......###..##
#....#.#
##...###...........#
...<....#
##...###.....#...#.#
#.###.#...
#.#...##.......###'###+###+#
#.


You could see an orc warrior (ally target) and an orc.

Vanquished Creatures
  A black bear (D:3)
  A phantom (D:4)
  A scorpion (D:5)
  A necrophage (D:5)
  A howler monkey (D:4)
  4 hounds
  2 jellies
  An orc priest (D:5)
  An iguana (D:5)
  An orc wizard (D:4)
  3 adders
  2 white imps (D:4)
  3 ufetubi
  A worm (D:4)
  3 dart slugs
  4 orcs
  4 ball pythons
  8 endoplasms
  12 goblins
  9 hobgoblins
  2 jackals (D:2)
  2 quokkas
  6 bats
  3 frilled lizards
  A goblin skeleton (D:4)
  2 hobgoblin zombies (D:4)
  4 kobolds
  3 kobold skeletons (D:4)
  2 kobold zombies (D:4)
  10 rats
98 creatures vanquished.

Vanquished Creatures (collateral kills)
  A phantom (D:4)
  3 orcs (D:4)
  2 jackals (D:4)
6 creatures vanquished.

Vanquished Creatures (others)
  A goblin skeleton (D:4)
  A kobold skeleton (D:4)
  A kobold zombie (D:4)
  A withered plant (D:1)
4 creatures vanquished.

Grand Total: 108 creatures vanquished

Notes
Turn   | Place    | Note
-------+----------+-------------------------------------------
     0 | D:1      | Demosthentine the Vine Stalker Chaos Knight began the quest
                  | for the Orb.
     0 | D:1      | Reached XP level 1. HP: 11/11 MP: 2/2
   269 | D:1      | XOM: silly message
   281 | D:1      | Reached skill level 1 in Dodging
   374 | D:1      | Reached XP level 2. HP: 16/16 MP: 3/3
   404 | D:1      | XOM: silly message
   408 | D:1      | XOM: divination: detect items
   449 | D:1      | XOM: silly message
   576 | D:1      | Found a faded altar of an unknown god.
   629 | D:1      | XOM: silly message
   964 | D:2      | Reached XP level 3. HP: 20/20 MP: 4/4
  1062 | D:2      | XOM: 1-stop teleportation journey
  1165 | D:2      | XOM: god gift: spear {god gift}
  1314 | D:2      | You fall into a shaft and drop 1 floor!
  1415 | D:3      | Gained mutation: Your natural rate of healing is unusually
                  | fast. [Vine Stalker growth]
  1415 | D:3      | Reached XP level 4. HP: 24/24 MP: 5/5
  1637 | D:3      | XOM: cloud trail
  1689 | D:3      | XOM: divination: detect items
  1821 | D:2      | XOM: give mutation
  1821 | D:2      | Gained mutation: You are agile. (Dex +2) [Xom's grace]
  1829 | D:2      | XOM: god gift: scroll labelled ZALLAOMMOIDU {god gift}
  2323 | D:3      | XOM: give mutation
  2323 | D:3      | Gained mutation: You are dopey. (Int -2) [Xom's mischief]
  2407 | D:3      | XOM: scenery: 1 doors close
  2449 | D:3      | Noticed a black bear
  2457 | D:3      | XOM: enchant monster (good)
  2459 | D:3      | XOM: snakes to sticks
  2466 | D:3      | Killed a black bear
  2467 | D:3      | Reached XP level 5. HP: 20/28 MP: 6/6
  2532 | D:3      | XOM: divination: magic mapping
  2650 | D:3      | XOM: god gift: scroll of amnesia
  2682 | D:4      | Found Haecw's General Store.
  2699 | D:4      | Found Utuadala's General Store.
  2769 | D:4      | Noticed a phantom
  2778 | D:4      | XOM: cast spell 'Summon Horrible Things'
  2782 | D:4      | Killed a phantom
  2783 | D:4      | Reached XP level 6. HP: 33/33 MP: 7/7
  2923 | D:4      | XOM: noise
  2955 | D:4      | XOM: 9-stop teleportation journey
  2979 | D:4      | XOM: enchant monster (good)
  3001 | D:4      | Found a glowing golden altar of the Shining One.
  3253 | D:4      | XOM: potion effect (brilliance)
  3259 | D:4      | Reached XP level 7. HP: 37/37 MP: 8/8
  3650 | D:5      | Entered Level 5 of the Dungeon
  3703 | D:5      | Found a staircase to the Ecumenical Temple.
  3865 | D:5      | XOM: confuse monster(s)
  3971 | D:5      | XOM: butterfly on damage
  3985 | D:5      | Mangled by an orc warrior

Illustrated notes

Levels and vault maps discovered:
D:1:      minmay_arrival_split_and_join, layout_rooms,
          shapermc_ecumenical_altar_flowoftime
D:2:      layout_loops_corners, grunt_decor_resistance, chequers_jeans
D:3:      layout_basic
D:4:      kb_forest_paths, layout_basic, nicolae_tso_besieged_by_evil,
          serial_shops, shop, nicolae_shop_trees
D:5:      layout_layer_cave, zin_scriptorium, mainiacjoe_overflow_24_doors,
          minmay_temple_entry_mist, hangedman_decor_slide_cut,
          nicolae_shop_sticking_my_neck_out

Skill      XL: |  1  2  3  4  5  6  7 |
---------------+----------------------+-----
Dodging        | 1 2 3 |  3.4
Axes           | 3 4 |  4.7
Fighting       | 3 4 |  4.7
Armour         | 2 3 |  3.9

Action                   |  1- 3 |  4- 6 |  7- 9 || total
-------------------------+-------+-------+-------++-------
Melee: Hand axe          |    83 |   121 |    68 ||   272
       Bite              |    18 |    35 |    23 ||    76
       Punch             |     2 |       |     2 ||     4
  Use: Scroll            |     3 |     7 |     2 ||    12
 Stab: Paralysed         |     1 |       |       ||     1
       Confused          |     1 |       |     1 ||     2
       Sleeping          |       |     1 |     2 ||     3
       Petrified         |       |     8 |       ||     8
Armor: Leather armour    |    34 |    70 |    32 ||   136
Dodge: Dodged            |    50 |    79 |    49 ||   178

Table legend: (Time is in decaauts)
 A = Elapsed time spent in this place.
 B = Non-inter-level travel time spent in this place.
 C = Inter-level travel time spent in this place.
 D = Time resting spent in this place.
 E = Time spent auto-exploring this place.
 F = Levels seen in this place.
 G = Mean time per level.
                   A        B        C        D        E       F      G
               +--------+--------+--------+--------+--------+-----+--------+
         Total |   4015 |   3892 |    123 |    100 |   3051 |   5 |  803.0 |
       Dungeon |   4015 |   3892 |    123 |    100 |   3051 |   5 |  803.0 |
               +--------+--------+--------+--------+--------+-----+--------+

Top non-repeatable levels by time:
     D:2: 1028 daAuts
     D:4: 989 daAuts
     D:1: 896 daAuts
     D:3: 763 daAuts
     D:5: 338 daAuts
